 Seeded DCSS version 0.30-a0-808-g6e0788376e (webtiles) character file.

Game seed: 879490599292778825 (custom seed)

22622 Esekla the Covert (level 13, -1/88 HPs)
             Began as an Octopode Venom Mage on Feb 25, 2023.
             Was an Initiate of Gozag.
             Slain by a redback (8 damage)
             ... on level 3 of the Lair of Beasts on Feb 26, 2023.
             The game lasted 01:54:21 (15847 turns).

Esekla the Covert (Octopode Venom Mage)            Turns: 15847, Time: 01:54:21

Health: -1/88      AC:  7    Str: 13    XL:     13   Next: 1%
Magic:  12/25      EV: 20    Int: 22    God:    Gozag
Gold:   1478       SH:  5    Dex: 13    Spells: 16/29 levels left

rFire   . . .      SeeInvis .    a - +6 falchion
rCold   + . .      Faith    .    I - +0 buckler
rNeg    + + .      Spirit   .    G - +2 hat
rPois   +          Reflect  .    H - amulet of Hechotarimn {Acrobat rC+ rN++}
rElec   .          Harm     .    e - ring of wizardry
rCorr   +          Rampage  .    l - +5 ring of evasion
Will    .....                    g - ring of resist corrosion
Stlth   +++++                    J - ring of poison resistance
HPRegen 0.34/turn                j - +4 ring of protection
MPRegen 0.19/turn                M - ring of wizardry
                                 Q - +6 ring of strength
                                 (no ring)

@: marked, radiating poison, gold aura
A: almost no armour, amphibious, 8 rings, camouflage 1, gelatinous body 1,
(nimble swimmer 1), tentacles
a: Renounce Religion, Potion Petition, Call Merchant, Bribe Branch


You were on level 3 of the Lair of Beasts.
You worshipped Gozag.
Gozag was most pleased with you.
You visited 3 branches of the dungeon, and saw 15 of its levels.
You also visited: Ossuary.

You collected 2099 gold pieces.
You spent 510 gold pieces at shops.
You paid 111 gold pieces to Gozag.

Inventory:

Hand Weapons
 a - a +6 falchion (weapon)
 r - the +7 trident of Wunazeh {venom, Str+3}
   (You found it on level 5 of the Dungeon)

   Str:       It affects your strength (+3).
 s - a +2 dagger of protection
 v - a +1 dagger of venom
 P - a +2 falchion of holy wrath
Missiles
 b - 23 poisoned darts
 q - 5 boomerangs (quivered)
Armour
 G - a +2 hat (worn)
 I - a +0 buckler (worn)
 S - the +3 hat of Pondering {ponderous, Will+ MP+10 Int+5}
   (You took it off Gastronok on level 2 of the Lair of Beasts)

   Int:       It affects your intelligence (+5).
   MP:        It affects your magic capacity (+10).
   Will:      It increases your willpower.
Jewellery
 e - a ring of wizardry (left tentacle)
 g - a ring of resist corrosion (on tentacle)
 j - a +4 ring of protection (on tentacle)
 l - a +5 ring of evasion (right tentacle)
 E - a ring of fire
 H - the amulet of Hechotarimn (around mantle) {Acrobat rC+ rN++}
   (You found it on level 6 of the Dungeon)

   [amulet of the acrobat]

   It increases your evasion while moving and waiting.
   rC:        It protects you from cold.
   rN:        It greatly protects you from negative energy.
 J - a ring of poison resistance (on tentacle)
 M - a ring of wizardry (on tentacle)
 Q - a +6 ring of strength (on tentacle)
 R - a ring of ice
Wands
 m - a wand of quicksilver (28)
 y - a wand of flame (50)
 K - a wand of iceblast (4)
 T - a wand of mindburst (6)
Scrolls
 d - 5 scrolls of enchant armour
 i - 4 scrolls of acquirement
 o - 5 scrolls of fear
 u - 2 scrolls of blinking
 w - 6 scrolls of teleportation
 A - a scroll of amnesia {unknown}
 D - 5 scrolls of magic mapping
 F - 5 scrolls of enchant weapon
 N - a scroll of summoning {unknown}
 O - a scroll of silence {unknown}
Potions
 c - 5 potions of heal wounds
 f - 3 potions of berserk rage
 h - 2 potions of lignification
 k - 3 potions of might {unknown}
 n - 2 potions of resistance
 p - 3 potions of attraction
 t - 4 potions of magic
 x - 3 potions of mutation
 z - 9 potions of curing
 B - 5 potions of brilliance
 C - a potion of flight
 L - a potion of cancellation


   Skills:
 * Level 7.9 Fighting
 + Level 2.9(5.5) Short Blades
 * Level 7.4(7.7) Long Blades
 + Level 1.6 Polearms
 + Level 1.9 Throwing
 * Level 7.5 Dodging
 + Level 9.0 Stealth
 + Level 4.3 Shields
 * Level 8.9 Spellcasting
 + Level 5.2 Conjurations
 * Level 7.1 Necromancy
 + Level 1.0 Transmutations
 + Level 4.9 Air Magic
 + Level 6.9 Poison Magic


You had 16 spell levels left.
You knew the following spells:

 Your Spells              Type           Power      Damage    Failure   Level
a - Sting                 Tmut/Pois      100%       1d8       1%          1
c - Mephitic Cloud        Conj/Pois/Air  34%        N/A       1%          3
d - Vampiric Draining     Necr           41%        2d8       1%          3
v - Poisonous Vapours     Pois/Air       70%        N/A       1%          2
x - Olgreb's Toxic Radia  Pois           40%        N/A       1%          4

Your spell library contained the following spells:

 Spells                   Type           Power      Damage    Failure   Level
 Necrotise                Necr           100%       1d9       1%          1
 Sandblast                Erth           18%        2d7       2%          1
 Slow                     Hex            36%        N/A       2%          1
 Stone Arrow              Conj/Erth      42%        3d9       2%          3
 Passwall                 Tmut/Erth      10%        N/A       3%          2
 Kindle Blastsparks       Fire/Tloc/Air  32%        2d12      3%          3
 Agony                    Necr           41%        N/A       3%          5
 Anguish                  Hex/Necr       12%        N/A       5%          4
 Confusing Touch          Hex            9%         N/A       7%          3
 Fulminant Prism          Conj/Hex       10%        3d8       8%          4
 Iskenderun's Mystic Bla  Conj/Tloc      21%        2d6       8%          4
 Lee's Rapid Deconstruct  Erth           4%         3d5*      50%         5
 Enfeeble                 Hex            4%         N/A       100%        7


Dungeon Overview and Level Annotations

Branches:
Dungeon (11/15)            Temple (1/1) D:7            Lair (3/5) D:9
 Shoals (0/4) Lair:2          Orc (0/2) D:11        Ossuary (visited)
  Snake: Lair:2-3    Spider: Lair:2-3

Altars:
Ashenzari
Cheibriados
Dithmenos
Elyvilon
Fedhas
Gozag
Hepliaklqana
Kikubaaqudgha
Makhleb
Nemelex Xobeh
Okawaru
Qazlal
Ru
Sif Muna
Trog
Uskayaw
Vehumet
Wu Jian
Xom
Yredelemnul
Zin
The Shining One

Shops:
D:4 *=*   D:5 (   D:9 *!   D:10 (

Annotations:
Lair:3 exclusion: 2 oklob plants


Innate Abilities, Weirdness & Mutations

You cannot wear most types of armour.
You are amphibious.
You can wear up to eight rings at the same time.
Your skin changes colour to match your surroundings (Stealth+).
Your rubbery body absorbs attacks. (AC +1, EV +1)
((You are camouflaged when in or above water. (Stealth+)))
You have tentacles for arms and can constrict up to eight enemies at once.


Message History

You constrict the culicivora.
The culicivora is no longer distracted by gold.
You block the culicivora's attack.
The culicivora is healed somewhat.
The culicivora closely misses you. The culicivora bites you!
The culicivora draws strength from your injuries!
You barely miss the culicivora. Your grab misses the culicivora.
Your squeeze misses the culicivora.
The culicivora is almost dead.
You constrict the culicivora. The culicivora barely misses you.
The culicivora bites you!
The culicivora draws strength from your injuries!
You miss the culicivora. You grab the culicivora.
The culicivora is almost dead.
You constrict the culicivora. x2; The culicivora barely misses you.
The culicivora is healed somewhat.
An eight-headed hydra comes into view.
The culicivora bites you!!
The culicivora draws strength from your injuries!
The culicivora bites you!!
* * * LOW HITPOINT WARNING * * *
The culicivora draws strength from your injuries!
You feel much better.
You constrict the culicivora. x2
The culicivora is distracted by your dazzling golden aura.
The culicivora bites you!!
* * * LOW HITPOINT WARNING * * *
The culicivora draws strength from your injuries!
Casting: Olgreb's Toxic Radiance (mildly dangerous; 1% risk of failure)
Confirm with . or Enter, or press ? or * to list all spells.
You begin to radiate toxic energy.
You kill the culicivora!
The redback is poisoned.
The culicivora is no longer distracted by gold.
The culicivora looks even sicker.
The jumping spider is poisoned.
The redback looks even sicker.
The culicivora looks even sicker.
You constrict the culicivora.
You kill the culicivora!
The jumping spider is distracted by your dazzling golden aura.
The redback bites you!
You die...
Your body crumbles into a pile of gold.

#P...#............. .....
#...##........... #....
#...###....##..###...##
#....##..####s###.....#
#....###.##P.#..#.....# #
##..............>......#
#######P........$$...........#
................$$...........#
.....#####.....$@s...D.......#
# ......#
#..................#####
.#...##
##.......................
.#..<#
#............####........
#....#
#P...#.##....###.........
......#
##..#.#####...##.....#.P.
.....## #...###
##..#.##...#.##. ##.... ##..##
#.....##P..####. .##..##
#...## ###...##P..## ##


You could see an eight-headed hydra, a jumping spider (unaware, poisoned) and a
redback (very poisoned).

Vanquished Creatures
  Gastronok (Lair:2)
  Fannar (Lair:2)
  A hydra (Lair:3)
  A centaur warrior (D:9)
  2 two-headed ogres (D:9)
  An ugly thing (D:9)
  A black mamba (Lair:3)
  Maurice (D:8)
  A torpor snail (Lair:2)
  6 cane toads
  An unseen horror (D:11)
  A kobold demonologist (D:11)
  4 komodo dragons
  2 rime drakes
  3 trolls
  A queen bee (shapeshifter) (D:11)
  A meliai (D:9)
  A polar bear (Lair:3)
  Prince Ribbit (D:6)
  Grinder (D:6)
  8 blink frogs
  A jumping spider (Lair:3)
  A shadow (D:11)
  2 culicivoras (Lair:3)
  Sigmund (D:6)
  A wraith (D:9)
  A wyvern (Lair:3)
  A vampire (D:11)
  20 yaks
  2 steam dragons
  2 redbacks (Lair:3)
  3 vampire mosquitoes (D:11)
  Grum (D:8)
  Menkaure (D:6)
  A floating eye (Lair:3)
  3 water moccasins
  2 ice beasts
  8 orc warriors
  2 sky beasts (D:7)
  3 black bears
  5 centaurs
  An ogre (D:6)
  7 wolves
  8 bullfrogs
  A necrophage (D:6)
  A water moccasin zombie (Ossuary)
  8 wights
  11 killer bees (D:9)
  An electric eel (Lair:2)
  A hound (D:6)
  2 jellies
  8 orc priests
  2 gnoll boudas
  4 iguanas
  10 orc wizards
  2 mummies (Ossuary)
  9 gnolls
  4 adders
  A white imp (D:7)
  An ufetubus (D:6)
  5 adder zombies (Ossuary)
  4 dart slugs
  60 orcs
  7 ball pythons
  9 endoplasms
  2 giant cockroaches
  8 gnoll zombies (Ossuary)
  8 goblins
  10 hobgoblins
  4 jackals
  8 quokkas
  4 bats (D:2)
  6 frilled lizards
  4 hobgoblin zombies (Ossuary)
  7 kobolds
  4 kobold zombies (Ossuary)
  An orc zombie (Ossuary)
  5 rats
339 creatures vanquished.

Vanquished Creatures (others)
  26 fungi
  43 plants
69 creatures vanquished.

Grand Total: 408 creatures vanquished

Notes
Turn   | Place    | Note
-------+----------+-------------------------------------------
     0 | D:1      | Esekla the Octopode Venom Mage began the quest for the Orb.
     0 | D:1      | Reached XP level 1. HP: 11/11 MP: 3/3
   346 | D:1      | Reached skill level 1 in Fighting
   346 | D:1      | Reached XP level 2. HP: 18/18 MP: 3/5
   362 | D:1      | Learned a level 2 spell: Poisonous Vapours
  1009 | D:1      | Reached XP level 3. HP: 23/23 MP: 6/6
  1105 | D:1      | Learned a level 3 spell: Mephitic Cloud
  1690 | D:2      | Reached XP level 4. HP: 28/28 MP: 5/8
  2209 | D:3      | Reached skill level 3 in Stealth
  2556 | D:3      | Reached XP level 5. HP: 31/34 MP: 9/9
  2653 | D:3      | Reached skill level 1 in Conjurations
  2695 | D:3      | Reached skill level 1 in Air Magic
  2751 | D:3      | Learned a level 3 spell: Vampiric Draining
  3034 | D:4      | Found Aleughi's General Store.
  3065 | D:4      | Bought a scroll of identify for 24 gold pieces
  3065 | D:4      | Found a sand-covered staircase.
  3092 | D:4      | Bought a potion of heal wounds for 60 gold pieces
  3121 | Ossuary  | Entered an ossuary
  3131 | Ossuary  | Reached XP level 6. HP: 33/41 MP: 10/10
  3426 | Ossuary  | Reached skill level 1 in Necromancy
  3453 | Ossuary  | Reached skill level 1 in Long Blades
  3595 | D:4      | Found Radiuh's General Store.
  3612 | D:4      | Found Cics's Jewellery Boutique.
  4153 | D:5      | Entered Level 5 of the Dungeon
  4203 | D:5      | Reached XP level 7. HP: 27/45 MP: 4/12
  4420 | D:5      | Reached skill level 1 in Short Blades
  4591 | D:5      | Found Axtowitz's Antique Weapon Shop.
  4739 | D:5      | Identified the +7 trident of Wunazeh {venom, Str+3}
  5200 | D:6      | Noticed a troll
  5200 | D:6      | Noticed Grinder
  5278 | D:6      | Noticed Prince Ribbit
  5287 | D:6      | Noticed Sigmund
  5289 | D:6      | Killed Prince Ribbit
  5290 | D:6      | Reached skill level 4 in Stealth
  5290 | D:6      | Reached XP level 8. HP: 35/52 MP: 6/14
  5297 | D:6      | Killed Sigmund
  5839 | D:6      | Killed Grinder
  5931 | D:6      | Identified the amulet of Hechotarimn {Acrobat rC+ rN++}
  6247 | D:6      | Noticed Menkaure
  6383 | D:6      | Killed Menkaure
  6384 | D:6      | Reached skill level 5 in Stealth
  6384 | D:6      | Reached XP level 9. HP: 58/58 MP: 16/16
  6786 | D:7      | Reached skill level 5 in Spellcasting
  6994 | D:7      | Found a staircase to the Ecumenical Temple.
  7065 | D:7      | Reached skill level 1 in Shields
  7154 | D:8      | Noticed Grum
  7164 | D:8      | Killed Grum
  7165 | D:8      | Reached skill level 5 in Poison Magic
  7180 | Temple   | Entered the Ecumenical Temple
  7268 | Temple   | Became a worshipper of Gozag Ym Sagoz the Greedy
  7493 | D:7      | Found an ornate altar of the Wu Jian Council.
  7499 | D:7      | Found a basalt altar of Yredelemnul.
  7499 | D:7      | Found a bloodstained altar of Trog.
  7501 | D:7      | Found a glowing golden altar of the Shining One.
  7688 | D:7      | Learned a level 4 spell: Olgreb's Toxic Radiance
  7810 | D:8      | Reached skill level 1 in Polearms
  7818 | D:8      | Reached skill level 5 in Dodging
  7819 | D:8      | Reached skill level 1 in Throwing
  7845 | D:8      | Reached XP level 10. HP: 63/65 MP: 6/18
  8112 | D:8      | Noticed Maurice
  8124 | D:8      | Killed Maurice
  8233 | D:8      | Found a burning altar of Makhleb.
  8362 | D:8      | Reached skill level 5 in Fighting
  8576 | D:9      | Noticed a two-headed ogre
  8582 | D:9      | Killed a two-headed ogre
  8784 | D:9      | Reached skill level 6 in Stealth
  8873 | D:9      | Found Coolifink's Distillery.
  9011 | D:9      | Found Amot's General Store.
  9025 | D:9      | Bought a scroll of identify for 24 gold pieces
  9141 | D:4      | Bought a +4 ring of protection for 360 gold pieces
  9377 | D:9      | Found a staircase to the Lair.
  9385 | D:9      | Noticed a centaur warrior
  9447 | D:9      | Noticed a white ugly thing
  9451 | D:9      | Killed a centaur warrior
  9453 | D:9      | Reached skill level 5 in Necromancy
  9453 | D:9      | Reached XP level 11. HP: 39/72 MP: 4/20
  9461 | D:9      | Killed a white ugly thing
  9462 | D:9      | Reached skill level 5 in Long Blades
  9572 | D:8      | Identified 3 scrolls of acquirement
  9737 | D:9      | Noticed a two-headed ogre
  9759 | D:9      | Killed a two-headed ogre
  9760 | D:9      | Reached skill level 7 in Stealth
  9876 | D:9      | Reached skill level 5 in Conjurations
  9947 | D:9      | Bought a potion of lignification for 42 gold pieces
  9958 | D:10     | Entered Level 10 of the Dungeon
 10350 | D:10     | Found a shimmering blue altar of Sif Muna.
 10896 | D:10     | Found Qamumn Huaji's Weapon Boutique.
 11615 | D:11     | Found an iron altar of Okawaru.
 11996 | D:11     | Found a staircase to the Orcish Mines.
 12884 | Lair:1   | Entered Level 1 of the Lair of Beasts
 13513 | Lair:1   | Reached skill level 8 in Stealth
 13513 | Lair:1   | Reached XP level 12. HP: 79/80 MP: 16/23
 13671 | Lair:2   | Noticed Fannar
 13897 | Lair:2   | Killed Fannar
 13921 | Lair:2   | Found a staircase to the Shoals.
 13963 | Lair:2   | Noticed Gastronok
 14005 | Lair:2   | Killed Gastronok
 15073 | Lair:2   | Noticed a six-headed hydra
 15652 | Lair:3   | Noticed a four-headed hydra
 15664 | Lair:3   | Killed a four-headed hydra
 15665 | Lair:3   | Reached skill level 9 in Stealth
 15822 | Lair:3   | Paralysed by a floating eye for 2 turns
 15837 | Lair:3   | Reached XP level 13. HP: 71/88 MP: 14/25
 15845 | Lair:3   | HP: 4/88 [culicivora (24)]
 15847 | Lair:3   | Slain by a redback

Illustrated notes

Levels and vault maps discovered:
D:1:      nzn_arrival_depleted_hourglass, layout_rooms, chequers_big_river
D:2:      layout_basic, serial_glass, glass_columns_a, glass_columns_c,
          due_unseen_surprise, minmay_strange_pillars, minmay_strange_pillars,
          item_on_display_a
D:3:      layout_basic
D:4:      layout_basic, lightli_ossuary_entry_decrepit_ruins, serial_shops,
          nicolae_shop_window_shopping, shop, nicolae_diamond_shop,
          serial_glass, glass_columns_a, glass_columns_b, glass_columns_a,
          glass_columns_b
D:5:      layout_loops_ring, serial_shops, nicolae_diamond_shop
D:6:      layout_loops_cross, uniq_prince_ribbit1, uniq_grinder, uniq_menkaure,
          uniq_sigmund
D:7:      layout_cave_pools, minitemple, minmay_temple_entry_from_below_a,
          dreamdust_princess_bridge, hangedman_decor_clover_reticule
D:8:      layout_loops_ring, mainiacjoe_overflow_24_doors, chequers_mini_garden,
          uniq_maurice, uniq_grum
D:9:      minmay_curly_fans, layout_basic, serial_shops, shop_fountains, shop,
          reono_crystal_passage, st_stairs_6, grunt_ministairs_15
D:10:     layout_layer_cave, mainiacjoe_overflow_boulevard, serial_shops,
          nicolae_shop_bloodbath_and_beyond, kennysheep_small_square
D:11:     layout_loops_ring, david_orc_1_choice, okawaru_metal_pillars_1_2
Temple:   kb_temple_of_zot
Lair:1:   layout_cave_pods
Lair:2:   layout_regular_city, minmay_shoals_entry_centaurs,
          serial_bayou_shore_a, infiniplex_staircase_pool_2, lemuel_fruit_tree,
          uniq_gastronok, uniq_fannar
Lair:3:   layout_chaotic_city, nicolae_spider_entry_tight_spaces,
          disabler_island

Skill      XL: |  1  2  3  4  5  6  7  8  9 10 11 12 |
---------------+-------------------------------------+-----
Fighting       | 1 2 3 4 5 6 7 |  7.9
Stealth        | 3 4 5 6 8 9 |  9.0
Spellcasting   | 3 4 5 6 7 8 |  8.9
Conjurations   | 1 2 3 4 5 |  5.2
Air Magic      | 1 2 3 4 |  4.9
Poison Magic   | 4 5 6 |  6.9
Necromancy     | 1 3 4 5 6 7 |  7.1
Long Blades    | 1 2 3 4 6 7 |  7.4
Dodging        | 3 4 5 6 7 |  7.5
Short Blades   | 1 2 |  2.9
Shields        | 2 3 4 |  4.3
Polearms       | 1 |  1.6
Throwing       | 1 |  1.9
Transmutations | |  1.0

Action                     |  1- 3 |  4- 6 |  7- 9 | 10-12 | 13-15 || total
---------------------------+-------+-------+-------+-------+-------++-------
  Melee: Unarmed           |     8 |       |       |       |       ||     8
         Constrict         |    15 |    50 |    30 |    54 |     2 ||   151
         Punch             |     1 |       |     4 |     5 |       ||    10
         Dagger            |    46 |   100 |    81 |   260 |       ||   487
         Tentacles         |    15 |    38 |    36 |   134 |       ||   223
         Scimitar          |       |    65 |    64 |    13 |       ||   142
         Trident           |       |       |     6 |       |       ||     6
         Falchion          |       |       |       |   152 |     8 ||   160
  Throw: Dart              |     4 |     3 |    12 |    18 |       ||    37
         Boomerang         |       |       |     7 |    12 |       ||    19
   Cast: Sting             |    14 |       |       |       |       ||    14
         Poisonous Vapours |    22 |    26 |    47 |    36 |       ||   131
         Mephitic Cloud    |       |     3 |    15 |    35 |       ||    53
         Vampiric Draining |       |     1 |    13 |    30 |       ||    44
         Olgreb's Toxic Ra |       |       |     1 |    12 |     1 ||    14
  Evoke: Wand              |       |       |       |     1 |       ||     1
    Use: Scroll            |       |       |     2 |    14 |       ||    16
         Potion            |       |       |     2 |     2 |     1 ||     5
   Stab: Sleeping          |     8 |    19 |    11 |    30 |       ||    68
         Confused          |       |     1 |     6 |    25 |       ||    32
         Distracted        |       |     1 |       |     3 |       ||     4
 Armour: Skin              |     4 |     9 |     9 |    54 |     2 ||    78
  Dodge: Dodged            |    33 |    97 |   100 |   336 |     7 ||   573
  Block: Buckler           |       |       |       |    71 |     2 ||    73

Table legend: (Time is in decaauts)
 A = Elapsed time spent in this place.
 B = Non-inter-level travel time spent in this place.
 C = Inter-level travel time spent in this place.
 D = Time resting spent in this place.
 E = Time spent auto-exploring this place.
 F = Levels seen in this place.
 G = Mean time per level.
                   A        B        C        D        E       F      G
               +--------+--------+--------+--------+--------+-----+--------+
         Total |  15809 |  15118 |    691 |   4043 |   3571 |  16 |  988.1 |
       Dungeon |  12352 |  11814 |    538 |   3155 |   2751 |  11 | 1122.9 |
        Temple |    106 |     88 |     18 |      0 |     70 |   1 |  106.0 |
          Lair |   2945 |   2810 |    135 |    699 |    750 |   3 |  981.7 |
       Ossuary |    404 |    404 |      0 |    189 |      0 |   1 |  404.0 |
               +--------+--------+--------+--------+--------+-----+--------+

Top non-repeatable levels by time:
    D:10: 1577 daAuts
  Lair:2: 1496 daAuts
    D:11: 1302 daAuts
     D:6: 1295 daAuts
     D:9: 1200 daAuts
     D:1: 1187 daAuts
     D:8: 1043 daAuts
     D:5: 1023 daAuts
     D:3: 1010 daAuts
     D:7: 995 daAuts
  Lair:1: 990 daAuts
     D:4: 900 daAuts
     D:2: 815 daAuts
  Lair:3: 458 daAuts
 Ossuary: 404 daAuts
